 Dungeon Crawl Stone Soup version 0.28.0-53-g5a82cb258f (webtiles) character file.

Game seed: 15723373769456844948

4112 sanboga the Cleaver (level 10, -2/135 HPs)
             Began as a Minotaur Berserker on July 6, 2022.
             Was an Elder of Trog.
             Slain by a lindwurm (8 damage)
             ... on level 8 of the Dungeon.
             The game lasted 00:07:49 (7503 turns).

sanboga the Cleaver (Minotaur Berserker)            Turns: 7503, Time: 00:07:49

Health: -2/135     AC: 10    Str: 27    XL:     10   Next: 6%
Magic:  9/9        EV:  9    Int:  4    God:    Trog [****..]
Gold:   501        SH:  0    Dex:  9    Spells: 9/9 levels left

rFire   + . .      SeeInvis .   a - +0 executioner's axe (freeze)
rCold   . . .      Faith    .   (shield currently unavailable)
rNeg    . . .      Spirit   .   o - +0 chain mail {rF+}
rPois   +          Reflect  .   (helmet restricted)
rElec   .          Harm     .   (no cloak)
rCorr   .          Rampage  .   (no gloves)
Will    .....                   (no boots)
Stlth   ..........              r - amulet of regeneration
HPRegen 1.12/turn               v - ring of poison resistance
MPRegen 0.11/turn               (no ring)

@: berserking, very quick
A: horns 2, retaliatory headbutt
a: Renounce Religion, Berserk, Trog's Hand, Brothers in Arms


You were on level 8 of the Dungeon.
You worshipped Trog.
Trog was greatly pleased with you.
You visited 1 branch of the dungeon, and saw 8 of its levels.

You collected 501 gold pieces.

Inventory:

Hand Weapons
 a - a +0 executioner's axe of freezing (weapon)
 b - a +0 war axe
Armour
 o - a +0 chain mail of fire resistance (worn)
Jewellery
 r - an amulet of regeneration (around neck)
 v - a ring of poison resistance (left hand)
Scrolls
 g - a scroll of summoning {unknown}
 h - a scroll of holy word {unknown}
 i - 2 scrolls of fog
 j - 2 scrolls of identify
 u - a scroll of silence
Potions
 d - 4 potions of mutation
 e - 2 potions of lignification {unknown}
 f - a potion of attraction {unknown}
 k - a potion of haste {unknown}
 l - 2 potions of heal wounds {unknown}
 m - a potion of degeneration {unknown}
 q - 7 potions of curing {unknown}


   Skills:
 - Level 8.6 Fighting
 * Level 13.7 Axes
 - Level 8.2 Armour
 - Level 2.5 Dodging


You had 9 spell levels left.
You didn't know any spells.
Your spell library was empty.

Dungeon Overview and Level Annotations

Branches:
Dungeon (8/15)             Temple (0/1) D:6
   Lair: D:8-11

Altars:
Hepliaklqana
Nemelex Xobeh
Yredelemnul

Shops:
D:1 [

Annotations:
D:8 3 runed translucent doors, Sin92's ghost, novice DsFi


Innate Abilities, Weirdness & Mutations

You have a pair of horns on your head.
You reflexively headbutt those who attack you in melee.


Message History

The lindwurm claws you but does no damage. x2
A red film seems to cover your vision as you go berserk!
You feel yourself moving faster!
You feel mighty! The lindwurm breathes flames at you.
The blast of flame hits you!! You resist.
The lindwurm bites you but does no damage.
The lindwurm claws you but does no damage.
The lindwurm claws you. The lindwurm bites you!
The lindwurm claws you but does no damage. x2
The lindwurm breathes flames at you. The blast of flame hits you! You resist.
You hit the lindwurm. You freeze the lindwurm. You headbutt the lindwurm!
The lindwurm is moderately wounded.
You hit the lindwurm. You freeze the lindwurm. You hit the lindwurm.
You freeze the lindwurm. You barely miss the lindwurm. The lindwurm misses you.
You furiously retaliate!
You headbutt the lindwurm! The lindwurm claws you. x2
The lindwurm bites you. The lindwurm claws you!
* * * LOW HITPOINT WARNING * * *
The lindwurm closely misses you.
The lindwurm bites you but does no damage.
The lindwurm closely misses you. The lindwurm claws you.
* * * LOW HITPOINT WARNING * * *
The lindwurm bites you!
* * * LOW HITPOINT WARNING * * *
The lindwurm claws you but does no damage.
The lindwurm closely misses you.
You slice the lindwurm!! You freeze the lindwurm.
The lindwurm is almost dead.
You slash the lindwurm! You freeze the lindwurm. You barely miss the lindwurm.
You slash the lindwurm! You freeze the lindwurm.
The lindwurm bites you but does no damage.
The lindwurm claws you but does no damage. x2
The lindwurm bites you!
* * * LOW HITPOINT WARNING * * *
The lindwurm claws you but does no damage.
The lindwurm claws you.
* * * LOW HITPOINT WARNING * * *
The lindwurm barely misses you. The lindwurm closely misses you.
The lindwurm completely misses you. x2; The lindwurm claws you!
You die...

### ≈≈≈ ≈≈§§§≈.........
§≈ ≈≈≈≈§≈........# ..
?.§≈≈§§§.#.##.#
.####[.≈≈§§≈..#.##.#
#.??.#.§§§≈≈....##.#
#$:>(##.≈≈≈≈≈...##)#
#$kk[##.≈≈≈§≈...##.#
#.k@k#..≈≈§≈........
§§≈..####..≈§≈§≈..#.##.#
§§§ #...≈≈≈≈≈..#.##.# ≈
.§≈≈≈≈≈≈...#.##.#
§§≈≈≈§§≈...#.##.#
§§§§§≈§..........
§≈≈§≈.§...######
§≈≈≈.......#
≈..........# #


You could see 4 lindwurms.

Vanquished Creatures
  Joseph (D:7)
  Prince Ribbit (D:7)
  Grinder (D:3)
  A wyvern (D:7)
  2 steam dragons
  Menkaure (D:4)
  A water moccasin (D:7)
  2 orc warriors
  2 black bears
  3 necrophages
  2 ogres
  2 centaurs
  A phantom (D:5)
  A kobold brigand (D:8)
  2 scorpions
  A gnoll sergeant (D:5)
  2 water moccasin zombies (D:5)
  9 wights (D:8)
  4 killer bees (D:8)
  2 centaur zombies
  2 jellies
  3 orc priests
  A hound (D:4)
  3 centaur skeletons
  4 iguanas
  Terence (D:2)
  3 orc wizards
  2 howler monkey zombies
  Robin (D:3)
  8 adders
  8 gnolls (D:5)
  3 worms (D:2)
  2 dart slugs
  17 orcs
  6 endoplasms
  2 giant cockroaches
  20 goblins
  11 hobgoblins
  8 kobolds
  3 quokkas
  5 ball pythons
  2 bats
  6 rats
  3 bushes (D:4)
165 creatures vanquished.

Vanquished Creatures (others)
  11 plants
11 creatures vanquished.

Grand Total: 176 creatures vanquished

Notes
Turn   | Place    | Note
-------+----------+-------------------------------------------
     0 | D:1      | sanboga the Minotaur Berserker began the quest for the Orb.
     0 | D:1      | Reached XP level 1. HP: 19/19 MP: 0/0
   246 | D:1      | Reached XP level 2. HP: 27/27 MP: 1/1
   265 | D:1      | Reached skill level 4 in Axes
   724 | D:1      | Found Terrow's Armour Shop.
  1510 | D:2      | Reached XP level 3. HP: 33/33 MP: 2/2
  1552 | D:2      | Reached ** piety under Trog
  1594 | D:2      | Noticed Terence
  1606 | D:2      | Killed Terence
  1607 | D:2      | Reached XP level 4. HP: 33/40 MP: 3/3
  2246 | D:3      | Found a basalt altar of Yredelemnul.
  2254 | D:3      | Reached skill level 5 in Axes
  2260 | D:3      | Reached XP level 5. HP: 47/47 MP: 4/4
  2557 | D:3      | Found a faded altar of an unknown god.
  2569 | D:3      | Noticed Grinder
  2572 | D:3      | Noticed Robin
  2580 | D:3      | Killed Grinder
  2581 | D:3      | Reached skill level 5 in Fighting
  2581 | D:3      | Reached skill level 6 in Axes
  2581 | D:3      | Reached XP level 6. HP: 56/56 MP: 5/5
  2585 | D:3      | Killed Robin
  2595 | D:3      | Reached *** piety under Trog
  3074 | D:4      | Noticed Menkaure
  3084 | D:4      | Killed Menkaure
  3085 | D:4      | Reached skill level 7 in Axes
  3085 | D:4      | Reached skill level 5 in Armour
  3085 | D:4      | Reached XP level 7. HP: 10/62 MP: 6/6
  4055 | D:4      | Found a sparkling altar of Nemelex Xobeh.
  4245 | D:5      | Entered Level 5 of the Dungeon
  4253 | D:5      | Reached skill level 8 in Axes
  4461 | D:5      | Reached XP level 8. HP: 59/71 MP: 7/7
  4532 | D:5      | Reached skill level 9 in Axes
  4532 | D:5      | Reached **** piety under Trog
  5375 | D:6      | Reached skill level 10 in Axes
  5606 | D:6      | Found a staircase to the Ecumenical Temple.
  6118 | D:6      | Identified a scroll of acquirement
  6118 | D:6      | Acquired a +0 executioner's axe of freezing
  6209 | D:7      | Reached XP level 9. HP: 53/81 MP: 8/8
  6278 | D:7      | Noticed Joseph
  6289 | D:7      | Killed Joseph
  6290 | D:7      | Reached skill level 11 in Axes
  6376 | D:7      | Found a hazy altar of Hepliaklqana.
  6377 | D:7      | Found a faded altar of an unknown god.
  6820 | D:7      | Noticed Prince Ribbit
  6829 | D:7      | Killed Prince Ribbit
  6830 | D:7      | Reached skill level 12 in Axes
  7131 | D:8      | Reached skill level 13 in Axes
  7299 | D:8      | Found a runed translucent gate.
  7306 | D:8      | Reached XP level 10. HP: 90/90 MP: 9/9
  7306 | D:8      | Found a runed translucent gate.
  7307 | D:8      | Found a runed translucent gate.
  7323 | D:8      | Noticed Sin92's ghost (novice DsFi)
  7324 | D:8      | Noticed a ten-headed hydra
  7499 | D:8      | Noticed a lindwurm
  7499 | D:8      | Noticed a lindwurm
  7500 | D:8      | Noticed a lindwurm
  7500 | D:8      | Noticed a lindwurm
  7503 | D:8      | HP: 6/135 [lindwurm (6)]
  7503 | D:8      | Slain by a lindwurm

Illustrated notes

Levels and vault maps discovered:
D:1:      tarquinn_simple_flora_water_b, layout_basic, serial_shops, shop
D:2:      layout_basic, hangedman_decor_points, minmay_heptomino_o4,
          uniq_terence
D:3:      layout_loops_ring, mainiacjoe_overflow_concentric_impassable,
          ebering_ecumenical_altar_ruins, uniq_robin, uniq_grinder
D:4:      layout_rooms, nemelex_spade_bored_becter, serial_forest,
          infiniplex_forest_clump_cross, infiniplex_forest_straight_4,
          infiniplex_forest_clump_double, infiniplex_forest_end_2,
          infiniplex_forest_corner_2, infiniplex_forest_lined_2,
          infiniplex_forest_lined_4_way, infiniplex_forest_clump_curved,
          uniq_menkaure
D:5:      layout_loops_ring, minmay_misc_feat_roman
D:6:      layout_basic, minmay_temple_entry_trees
D:7:      layout_loops_ring, beargit_hepliaklqana_dungeon_heroes,
          uniq_prince_ribbit1, uniq_joseph
D:8:      layout_loops_ring, lair_entry_dummy, gammafunk_ghost_hydra_chop,
          minmay_misc_feat_encased, minmay_lindwurm_lava

Skill      XL: |  1  2  3  4  5  6  7  8  9 |
---------------+----------------------------+-----
Axes           | 4 5 6 7 8 10 13 | 13.7
Fighting       | 4 5 6 7 8 |  8.6
Armour         | 3 4 5 6 7 8 |  8.2
Dodging        | |  2.5

Action                   |  1- 3 |  4- 6 |  7- 9 | 10-12 || total
-------------------------+-------+-------+-------+-------++-------
Melee: Hand axe          |    69 |    16 |       |       ||    85
       Headbutt          |    10 |    11 |    70 |     3 ||    94
       War axe           |       |    69 |   154 |       ||   223
       Battleaxe         |       |       |    62 |       ||    62
       Punch             |       |       |     3 |       ||     3
       Executioner's axe |       |       |    69 |    12 ||    81
Invok: Berserk           |       |     3 |     4 |     1 ||     8
  Use: Scroll            |       |       |    12 |     1 ||    13
Armor: Animal skin       |     6 |       |       |       ||     6
       Chain mail        |     7 |    54 |    97 |    16 ||   174
Dodge: Dodged            |    31 |    29 |   109 |    13 ||   182
